 Dungeon Crawl Stone Soup version 0.29-a0-330-g52719c12eb (webtiles) character file.

Game seed: 620147939552524568

109 Gwenloh the Digger (level 4, -3/36 HPs)
             Began as a Draconian Earth Elementalist on Apr 24, 2022.
             Slain by Grinder (6 damage)
             ... on level 3 of the Dungeon.
             The game lasted 00:05:39 (2595 turns).

Gwenloh the Digger (Draconian Earth Elementalist)   Turns: 2595, Time: 00:05:40

Health: -3/36      AC:  5    Str: 10    XL:     4   Next: 60%
Magic:  3/8        EV: 12    Int: 17    God:
Gold:   200        SH:  0    Dex: 12    Spells: 2/8 levels left

rFire   . . .      SeeInvis .   o - +2 whip (flame)
rCold   . . .      Faith    .   (no shield)
rNeg    . . .      Spirit   .   (body armour unavailable)
rPois   .          Reflect  .   (helmet restricted)
rElec   .          Harm     .   (no cloak)
rCorr   .          Rampage  .   (no gloves)
Will    .....                   (no boots)
Stlth   ++........              n - amulet of regeneration
HPRegen 0.92/turn               (no ring)
MPRegen 0.11/turn               (no ring)

@: no status effects
A: AC +5, unfitting armour, cold-blooded
a: no special abilities


You were on level 3 of the Dungeon.
You visited 1 branch of the dungeon, and saw 3 of its levels.

You collected 200 gold pieces.

Inventory:

Hand Weapons
 h - a +0 dagger
 o - a +2 whip of flaming (weapon)
Missiles
 a - 46 stones
 u - 12 poisoned darts
Jewellery
 j - a ring of poison resistance
 n - an amulet of regeneration (around neck)
Scrolls
 d - a scroll of immolation {unknown}
 f - 2 scrolls of fear {unknown}
 i - a scroll of teleportation {unknown}
 l - 2 scrolls of fog {unknown}
 m - 2 scrolls of identify {unknown}
 q - a scroll of silence {unknown}
 r - a scroll of vulnerability {unknown}
 s - a scroll of magic mapping {unknown}
 t - a scroll of summoning {unknown}
 v - a scroll of noise {unknown}
Potions
 b - 2 potions of magic
 c - 2 potions of heal wounds {unknown}
 e - 3 potions of might
 g - 3 potions of flight {unknown}
 k - 2 potions of degeneration {unknown}
 p - a potion of lignification {unknown}
 w - a potion of brilliance {unknown}


   Skills:
 + Level 2.1 Fighting
 + Level 2.6 Dodging
 - Level 1.7 Stealth
 + Level 2.8 Spellcasting
 + Level 0.3 Conjurations
 - Level 1.0 Transmutations
 + Level 3.7 Earth Magic


You had 2 spell levels left.
You knew the following spells:

 Your Spells              Type           Power      Damage    Failure   Level
a - Sandblast             Erth           28%        2d8       4%          1
b - Passwall              Tmut/Erth      8%         N/A       11%         2
c - Stone Arrow           Conj/Erth      18%        3d8       24%         3

Your spell library contained the following spells:

 Spells                   Type           Power      Damage    Failure   Level
 Animate Skeleton         Necr           4%         N/A       19%         1
 Apportation              Tloc           4%         N/A       19%         1
 Summon Small Mammal      Summ           8%         N/A       19%         1
 Call Canine Familiar     Summ           2%         N/A       47%         3
 Summon Guardian Golem    Hex/Summ       2%         N/A       47%         3
 Petrify                  Tmut/Erth      10%        N/A       56%         4


Dungeon Overview and Level Annotations

Branches:
Dungeon (3/15)

Altars:
Okawaru
Xom

Annotations:
D:3 Grinder


Innate Abilities, Weirdness & Mutations

Your plain brown scales are hard. (AC +5)
You cannot fit into any form of body armour.
You are cold-blooded and may be slowed by cold attacks.


Message History

Press: ? - help, Shift-Dir - straight line, f/p - Grinder
Aim: Grinder (moderately wounded, strong, 77% to hit)
The blast of sand hits Grinder.
Grinder is moderately wounded.
Grinder gestures at you.
You suddenly lose the ability to move!
Grinder hits you! Grinder gestures at you. Pain shoots through your body!
Grinder hits you but does no damage.
You can move again.
Casting: Sandblast (safe; 4% risk of failure)
Confirm with . or Enter, or press ? or * to list all spells.
Aiming: Sandblast (safe; 4% risk of failure)
Press: ? - help, Shift-Dir - straight line, f/p - Grinder
Aim: Grinder (moderately wounded, strong, 77% to hit)
The blast of sand hits Grinder!
Grinder is heavily wounded.
Grinder hits you.
Casting: Sandblast (safe; 4% risk of failure)
Confirm with . or Enter, or press ? or * to list all spells.
Aiming: Sandblast (safe; 4% risk of failure)
Press: ? - help, Shift-Dir - straight line, f/p - Grinder
Aim: Grinder (moderately wounded, strong, 77% to hit)
The blast of sand hits Grinder!
Grinder is heavily wounded.
Grinder hits you.
* * * LOW HITPOINT WARNING * * *
You writhe in agony.
* * * LOW HITPOINT WARNING * * *
Casting: Sandblast (safe; 4% risk of failure)
Confirm with . or Enter, or press ? or * to list all spells.
Aiming: Sandblast (safe; 4% risk of failure)
Press: ? - help, Shift-Dir - straight line, f/p - Grinder
Aim: Grinder (heavily wounded, strong, 77% to hit)
The blast of sand misses Grinder.
Grinder blinks!
Grinder attacks as you move away! Grinder hits you.
* * * LOW HITPOINT WARNING * * *
You writhe in agony.
You die...

#.# ###.# ##.#.#
##.#..# ##.###.####
#.## ##...#
##.###.##.#
#..#.###.## ###
#.#.###.5@# #..
#.#.##.###ยง.# #.#
#.#....# ..# #.#
#.#..#.###.## #.#
#.#.<##...## #.#
..#####.#..# #.# #.#
........#.[###.# #.#
..##.....)..##.# #.#
#.##........#########
#.#


You could see Grinder (strong).

Vanquished Creatures
  Robin (D:2)
  3 adders
  2 worms (D:2)
  5 orcs
  2 ball pythons
  5 bats
  5 endoplasms
  A giant cockroach (D:3)
  6 goblins (D:2)
  5 hobgoblins
  12 kobolds
  5 quokkas
  A frilled lizard (D:1)
  2 rats (D:1)
55 creatures vanquished.

Notes
Turn   | Place    | Note
-------+----------+-------------------------------------------
     0 | D:1      | Gwenloh the Draconian Earth Elementalist began the quest
                  | for the Orb.
     0 | D:1      | Reached XP level 1. HP: 14/14 MP: 3/3
    52 | D:1      | Noticed a great orb of eyes
    54 | D:1      | Found a faded altar of an unknown god.
    56 | D:1      | Noticed a great orb of eyes
    56 | D:1      | Noticed a shining eye
    56 | D:1      | Noticed a shining eye
   751 | D:1      | Reached XP level 2. HP: 22/22 MP: 3/5
   758 | D:1      | Learned a level 2 spell: Passwall
  1329 | D:2      | Reached skill level 1 in Fighting
  1681 | D:2      | Reached XP level 3. HP: 28/28 MP: 6/6
  1764 | D:2      | Noticed Robin
  1769 | D:2      | Killed Robin
  1876 | D:2      | Identified the +3 robe of Responsibility {Contam Str+6
                  | Stlth+}
  1987 | D:2      | Reached XP level 4. HP: 36/36 MP: 5/7
  2125 | D:2      | Learned a level 3 spell: Stone Arrow
  2300 | D:3      | Found an iron altar of Okawaru.
  2300 | D:3      | Found a shimmering altar of Xom.
  2584 | D:3      | Noticed Grinder
  2588 | D:3      | Paralysed by Grinder for 4 turns
  2595 | D:3      | Slain by Grinder

Illustrated notes

Levels and vault maps discovered:
D:1:      saegor_arrival_simple_d, layout_loops_corners,
          hellmonk_ecumenical_altar_watching_god, minmay_tromino_v4_c
D:2:      layout_loops_ring, minmay_misc_feat_enclosed,
          minmay_goblin_kobold_house, uniq_robin
D:3:      layout_loops_ring, gammafunk_temple_overflow_elements, uniq_grinder

Skill      XL: |  1  2  3  4 |
---------------+-------------+-----
Dodging        | 2 |  2.6
Fighting       | 1 2 |  2.1
Stealth        | |  1.7
Spellcasting   | |  2.8
Conjurations   | |  0.3
Transmutations | |  1.0
Earth Magic    | |  3.7

Action                   |  1- 3 |  4- 6 || total
-------------------------+-------+-------++-------
Melee: Unarmed           |    23 |       ||    23
       Tailslap          |     9 |     5 ||    14
       Dagger            |    11 |       ||    11
       Whip              |    47 |    36 ||    83
 Cast: Sandblast         |    23 |    10 ||    33
 Stab: Sleeping          |     5 |     1 ||     6
Armor: Skin              |    21 |    14 ||    35
Dodge: Dodged            |    42 |    21 ||    63

Table legend: (Time is in decaauts)
 A = Elapsed time spent in this place.
 B = Non-inter-level travel time spent in this place.
 C = Inter-level travel time spent in this place.
 D = Time resting spent in this place.
 E = Time spent auto-exploring this place.
 F = Levels seen in this place.
 G = Mean time per level.
                   A        B        C        D        E       F      G
               +--------+--------+--------+--------+--------+-----+--------+
         Total |   2604 |   2531 |     73 |      0 |   2079 |   3 |  868.0 |
       Dungeon |   2604 |   2531 |     73 |      0 |   2079 |   3 |  868.0 |
               +--------+--------+--------+--------+--------+-----+--------+

Top non-repeatable levels by time:
     D:1: 1314 daAuts
     D:2: 923 daAuts
     D:3: 366 daAuts
